Map: New Repugnancy LE

Players

Smeeeger - Winner!

  • Race: Zerg Zerg
  • League: Platinum
  • Spawn Location: 1:00

Igile

  • Race: Terran Terran
  • League: Platinum
  • Spawn Location: 7:00

VOD

Have the link to the VOD?

Description

Time

  • Played on: July 19, 2019, 10:27 a.m.
  • Length: 12:33
Show
View Real Time Build Order
Export as new Build Order

Smeeeger Zerg - Winner!

Build Orders: Hatch First 

Get SALT Encoding   

  12  0:01  Drone  
  13  0:13  Overlord  
  13  0:23  Drone  
  14  0:31  Drone  
  14  0:32  Drone  
  16  0:42  Drone  
  17  0:48  Drone  
  18  1:01  Hatchery  
  18  1:02  Extractor  
  18  1:03  Drone  
  17  1:18  Spawning Pool  
  16  1:21  Drone  
  16  1:22  Drone  
  18  1:31  Drone  
  19  1:41  Overlord  
  19  2:05  Queen  
  19  2:06  Zergling x4  
  23  2:13  Queen  
  23  2:14  Zergling x2  
  26  2:16  Drone  
  26  2:17  Metabolic Boost  
  27  2:27  Drone x2  
  29  2:36  Drone  
  30  2:38  Overlord  
  30  2:46  Drone  
  30  2:47  Drone  
  30  2:49  Queen  
  34  3:07  Hatchery, Drone x2  
  35  3:26  Zergling x4  
  35  3:27  Zergling x2  
  38  3:29  Drone  
  38  3:30  Drone x3, Overlord  
  38  3:33  Overlord  
  42  3:48  Evolution Chamber  
  41  3:52  Evolution Chamber  
  40  4:01  Drone x3  
  40  4:02  Drone x2  
  45  4:03  Baneling Nest, Lair  
  45  4:09  Drone x3  
  47  4:12  Drone  
  47  4:13  Drone  
  47  4:15  Drone  
  50  4:19  Extractor  
  50  4:20  Extractor  
  48  4:29  Zerg Ground Armor Level 1  
  48  4:34  Queen  
  48  4:37  Drone x2  
  48  4:38  Drone x3  
  55  4:45  Drone  
  55  4:46  Drone x3  
  55  4:47  Zergling x2  
  55  4:48  Zergling x2  
  55  4:50  Zergling x2  
  62  5:03  Zerg Melee Weapons Level 1  
  62  5:14  Drone x3  
  62  5:16  Centrifical Hooks  
  64  5:44  Overlord x3  
  64  5:45  Overlord  
  64  5:47  Baneling x4  
  64  5:48  Baneling x3  
  64  5:49  Zergling x2  
  65  5:54  Spore Crawler x2  
  65  5:55  Drone x2  
  65  5:57  Spore Crawler  
  65  5:58  Drone  
  65  6:00  Overlord x2  
  65  6:01  Overlord x2  
  65  6:02  Overlord  
  65  6:06  Drone x4  
  65  6:07  Drone x2  
  71  6:15  Zergling x4  
  71  6:16  Zergling x2  
  74  6:19  Drone x2  
  74  6:20  Drone x2  
  78  6:26  Hydralisk Den  
  78  6:28  Extractor  
  78  6:30  Drone x2  
  78  6:31  Drone x2  
  80  6:33  Extractor  
  80  6:34  Zergling x8  
  80  6:35  Extractor  
  82  6:49  Drone x3  
  82  6:52  Drone x2  
  82  6:53  Drone x2  
  89  6:56  Zergling x14  
  95  7:12  Baneling x10  
  94  7:18  Zergling x12  
  100  7:23  Spine Crawler  
  83  7:44  Zergling x2  
  83  7:45  Zergling x14  
  85  7:55  Zergling x20  
  85  7:56  Zergling x2  
  91  8:16  Muscular Augments  
  91  8:19  Zerg Ground Armor Level 2, Zerg Missile Weapons Level 1  
  91  8:20  Hatchery  
  91  8:21  Baneling x2  
  91  8:22  Baneling x5  
  90  8:27  Roach Warren  
  90  8:33  Infestation Pit  
  88  8:35  Drone  
  88  8:36  Drone x4, Spine Crawler  
  88  8:37  Drone  
  88  8:40  Baneling  
  88  8:41  Baneling x9  
  93  8:42  Zergling x2  
  93  8:43  Zergling x22  
  93  8:47  Spire  
  104  9:02  Hydralisk  
  104  9:03  Hydralisk x2  
  104  9:04  Hydralisk x6  
  122  9:16  Hydralisk x2  
  122  9:17  Hydralisk x3  
  132  9:25  Hive  
  132  9:27  Grooved Spines  
  132  9:30  Spore Crawler  
  131  9:31  Spore Crawler  
  131  9:32  Spore Crawler  
  131  9:34  Spore Crawler x2, Hydralisk x4  
  135  9:42  Spore Crawler, Drone x2  
  135  9:43  Spore Crawler, Drone  
  135  9:44  Overlord x5  
  136  9:45  Overseer  
  136  10:01  Queen  
  134  10:11  Zergling x2  
  134  10:12  Zergling x24  
  145  10:15  Hydralisk  
  143  10:25  Hydralisk x4  
  151  10:30  Drone  
  151  10:35  Spore Crawler  
  148  10:36  Spore Crawler  
  111  11:03  Hydralisk x9  
  111  11:04  Hydralisk x6  
  114  11:26  Hydralisk  
  114  11:27  Hydralisk x7  
  124  11:49  Zergling x16  
  116  12:04  Zergling x22  
  116  12:05  Zergling x8  
Show
View Real Time Build Order
Export as new Build Order

Igile Terran 

Build Orders:  

Get SALT Encoding   

  12  0:00  SCV  
  13  0:13  SCV  
  14  0:17  Supply Depot  
  14  0:25  SCV  
  15  0:39  Barracks, SCV  
  16  0:47  Refinery  
  16  0:51  SCV  
  17  1:03  SCV  
  18  1:15  SCV  
  19  1:27  SCV  
  20  1:33  Command Center  
  20  1:36  Supply Depot  
  20  1:38  Marine  
  21  1:45  SCV  
  22  1:57  Orbital Command  
  22  1:59  Refinery  
  22  2:01  Barracks Tech Lab  
  22  2:11  Engineering Bay  
  22  2:25  SCV  
  23  2:35  Factory  
  23  2:37  SCV  
  23  2:41  Barracks Tech Lab  
  24  2:46  SCV  
  24  2:50  SCV  
  26  2:58  Planetary Fortress  
  26  3:02  SCV  
  27  3:21  Starport  
  27  3:22  Command Center  
  27  3:25  Widow Mine  
  29  3:31  SCV  
  30  3:39  SCV  
  31  3:43  SCV  
  31  3:44  Refinery  
  31  3:45  Refinery  
  32  3:51  Barracks Tech Lab, SCV  
  33  3:55  SCV  
  33  3:57  Widow Mine  
  36  4:03  Banshee, SCV  
  36  4:08  SCV  
  41  4:14  Hyperflight Rotors  
  41  4:15  SCV  
  42  4:22  SCV  
  43  4:27  Starport  
  43  4:28  SCV  
  44  4:34  SCV  
  45  4:40  SCV  
  46  4:47  SCV  
  46  4:48  Missile Turret  
  46  4:49  Missile Turret x2  
  46  4:52  SCV  
  48  4:55  Missile Turret  
  48  4:59  Missile Turret  
  48  5:05  Planetary Fortress  
  48  5:12  Banshee, Missile Turret  
  51  5:24  SCV x2  
  53  5:29  Missile Turret  
  53  5:36  SCV x2  
  53  5:40  Banshee  
  56  5:47  Supply Depot  
  56  5:49  Supply Depot  
  56  5:50  Missile Turret  
  56  5:56  Widow Mine  
  58  6:01  Banshee  
  61  6:09  SCV x3  
  61  6:10  Missile Turret, Barracks Tech Lab  
  64  6:17  Siege Tank  
  67  6:21  Missile Turret, SCV x2  
  69  6:29  Supply Depot  
  69  6:34  Starport  
  69  6:35  Banshee  
  69  6:38  Barracks Tech Lab  
  72  6:43  SCV x3  
  75  6:48  Refinery  
  75  6:49  Refinery  
  75  6:51  Banshee  
  75  6:52  Supply Depot  
  78  6:55  Hi-Sec Auto Tracking, SCV x3  
  81  7:02  Siege Tank  
  81  7:07  SCV  
  85  7:15  Supply Depot  
  83  7:23  Supply Depot x2  
  83  7:26  Supply Depot  
  83  7:27  Cloaking Field, Starport  
  74  7:43  Barracks Tech Lab, SCV x3  
  74  7:47  Supply Depot  
  72  7:52  Neosteel Armor  
  72  7:55  SCV x3  
  75  8:06  Siege Tank  
  75  8:07  SCV x3  
  81  8:19  Supply Depot, SCV x3  
  84  8:20  Supply Depot  
  84  8:22  Supply Depot  
  84  8:31  Armory, SCV x3  
  84  8:32  Armory  
  87  8:35  Fusion Core  
  87  8:43  Siege Tank, SCV x3  
  94  8:55  SCV x2  
  94  8:56  SCV  
  94  8:59  Supply Depot  
  96  9:22  Supply Depot, Drilling Claws  
  96  9:40  Terran Ship Weapons Level 1, Terran Vehicle And Ship Armor Level 1, Command Center  
  96  9:43  Command Center, Weapon Refit  
  96  9:47  Battlecruiser x2  
  99  10:30  Battlecruiser x2  
  107  10:51  Battlecruiser  
  71  11:26  Marine  
  72  11:33  Planetary Fortress  
  72  11:36  Missile Turret  
  72  11:56  Missile Turret  
  72  12:01  Supply Depot  
  60  12:02  Supply Depot  
  54  12:10  Factory Tech Lab  
Tags
 
Add a new tag
Caveats
  • Supply blocks, unpowered buildings, or Contaminate may cause inaccurate times.
  • Supply counts are checked every 10 seconds.